 Dungeon Crawl Stone Soup version 0.29-a0-872-g797fff5ad1 (webtiles) character file.

Game seed: 3759825863770100331

62 jimonade the Sneak (level 4, -6/27 HPs)
             Began as a Kobold Brigand on July 19, 2022.
             Was an Initiate of Wu Jian.
             Mangled by an orc
             ... wielding a +0 flail
              (9 damage)
             ... on level 3 of the Dungeon.
             The game lasted 00:02:54 (2401 turns).

jimonade the Sneak (Kobold Brigand)                 Turns: 2401, Time: 00:02:54

Health: -6/27      AC:  4    Str:  8    XL:     4   Next: 28%
Magic:  4/4        EV: 14    Int: 12    God:    Wu Jian [......]
Gold:   184        SH:  0    Dex: 18    Spells: 3/3 levels left

rFire   . . .      SeeInvis .   a - +2 dagger
rCold   . . .      Faith    .   (no shield)
rNeg    . . .      Spirit   .   f - +0 robe
rPois   .          Reflect  .   w - +0 helmet
rElec   .          Harm     .   c - +0 cloak
rCorr   .          Rampage  .   (no gloves)
Will    .....                   (no boots)
Stlth   +++++.....              (no amulet)
HPRegen 0.09/turn               (no ring)
MPRegen 0.09/turn               (no ring)

@: no status effects
A: small, no large weapons, nightstalker 3
a: Renounce Religion


You were on level 3 of the Dungeon.
You worshipped Wu Jian.
Wu Jian was noncommittal.
You visited 1 branch of the dungeon, and saw 3 of its levels.

You collected 184 gold pieces.

Inventory:

Hand Weapons
 a - a +2 dagger (weapon)
 b - a +0 sling
 A - a +3 spear
Missiles
 d - 9 poisoned darts (quivered)
 e - 6 curare-tipped darts
 v - 11 stones
Armour
 c - a +0 cloak (worn)
 f - a +0 robe (worn)
 m - a +0 ring mail
 n - a +0 chain mail
 w - a +0 helmet (worn)
Scrolls
 g - 2 scrolls of teleportation {unknown}
 i - 6 scrolls of identify {unknown}
 j - 2 scrolls of poison {unknown}
 o - a scroll of fog {unknown}
 r - a scroll of magic mapping {unknown}
 t - a scroll of vulnerability {unknown}
 x - a scroll of amnesia {unknown}
 y - a scroll of enchant armour {unknown}
Potions
 h - 2 potions of magic {unknown}
 k - a potion of cancellation {unknown}
 l - a potion of resistance {unknown}
 p - 3 potions of degeneration {unknown}
 q - a potion of heal wounds {unknown}
 s - a potion of curing {unknown}
 u - a potion of lignification {unknown}
 z - a potion of might {unknown}


   Skills:
 + Level 2.4 Fighting
 + Level 3.1 Short Blades
 - Level 2.1 Throwing
 + Level 1.7 Dodging
 * Level 7.1 Stealth


You had 3 spell levels left.
You didn't know any spells.
Your spell library contained the following spells:

 Spells                   Type           Power      Damage    Failure   Level
 Ensorcelled Hibernation  Hex/Ice        0%         N/A       45%         2
 Spider Form              Tmut/Pois      0%         N/A       69%         3
 Anguish                  Hex/Necr       0%         N/A       97%         4


Dungeon Overview and Level Annotations

Branches:
Dungeon (3/15)

Altars:
Wu Jian


Innate Abilities, Weirdness & Mutations

You are small and have problems with some larger weapons.
You are completely attuned to the shadows.


Message History

The orc shouts! x2; The orc priest shouts!
The orc priest calls down the wrath of Beogh upon you.
Pain shoots through your body!
There is a stone staircase leading up here.
You climb upwards.
There is a stone staircase leading down here.
You see here a +0 club.
Things that are here:
a +0 chain mail; a +0 dagger
There is a stone staircase leading down here.
You climb downwards.
There is a stone staircase leading up here.
The orc hits you with a +0 dagger.
You closely miss the orc. The orc hits you with a +0 dagger.
You lunge at the endoplasm, in a flurry of attacks.
You catch the helpless endoplasm completely off-guard!
You impale the endoplasm!!
You kill the endoplasm!
The Council accepts your kill.
There is a stone staircase leading up here.
The orc attacks as you move away! The orc hits you but does no damage.
The orc shouts!
You hit the orc.
The orc is heavily wounded.
The orc barely misses you.
You hit the orc.
The orc is almost dead.
The orc hits you with a +0 dagger. The orc hits you with a +0 flail!
You hit the orc.
You kill the orc!
The Council accepts your kill. The orc hits you with a +0 flail!
* * * LOW HITPOINT WARNING * * *
There is a stone staircase leading up here.
You hit the orc but do no damage. The orc hits you but does no damage.
You closely miss the orc. You hit the orc.
The orc is severely wounded.
The orc hits you with a +0 flail!
You die...

######..†..#
.. ...###
#..###.#
#...# #
#.#.#
.#.......
.........#
#.......#
#.......#
#...)...#
#..o@...#
#.......#
######...#
##.. .


You could see an orc.

Vanquished Creatures
  2 worms (D:2)
  A dart slug (D:1)
  2 orcs
  4 ball pythons
  5 bats (D:1)
  5 endoplasms
  4 giant cockroaches
  3 goblins
  6 hobgoblins
  3 jackals (D:1)
  3 kobolds (D:1)
  2 quokkas (D:1)
  A frilled lizard (D:1)
  4 rats
45 creatures vanquished.

Notes
Turn   | Place    | Note
-------+----------+-------------------------------------------
     0 | D:1      | jimonade the Kobold Brigand began the quest for the Orb.
     0 | D:1      | Reached XP level 1. HP: 12/12 MP: 1/1
   114 | D:1      | Reached XP level 2. HP: 11/17 MP: 2/2
   224 | D:1      | Reached skill level 6 in Stealth
   430 | D:1      | Reached XP level 3. HP: 22/22 MP: 3/3
   831 | D:1      | Found a faded altar of an unknown god.
  1673 | D:2      | Found an ornate altar of the Wu Jian Council.
  1679 | D:2      | Reached XP level 4. HP: 27/27 MP: 4/4
  1681 | D:2      | Became a worshipper of the Wu Jian Council
  1693 | D:2      | Reached skill level 7 in Stealth
  2401 | D:3      | Mangled by an orc

Illustrated notes

Levels and vault maps discovered:
D:1:      erik_arrival_orb_chamber, layout_basic,
          shapermc_ecumenical_altar_flowoftime, st_stairs_5
D:2:      layout_basic, basic_altar
D:3:      layout_rooms, mainiacjoe_overflow_big_doors

Skill      XL: |  1  2  3  4 |
---------------+-------------+-----
Stealth        | 6 7 |  7.1
Short Blades   | 3 |  3.1
Fighting       | |  2.4
Throwing       | |  2.1
Dodging        | |  1.7

Action                   |  1- 3 |  4- 6 || total
-------------------------+-------+-------++-------
Melee: Dagger            |    81 |    23 ||   104
Invok: Lunge             |       |     6 ||     6
 Stab: Sleeping          |    20 |     5 ||    25
       Distracted        |       |     1 ||     1
Armor: Robe              |    11 |     2 ||    13
Dodge: Dodged            |    52 |     7 ||    59

Table legend: (Time is in decaauts)
 A = Elapsed time spent in this place.
 B = Non-inter-level travel time spent in this place.
 C = Inter-level travel time spent in this place.
 D = Time resting spent in this place.
 E = Time spent auto-exploring this place.
 F = Levels seen in this place.
 G = Mean time per level.
                   A        B        C        D        E       F      G
               +--------+--------+--------+--------+--------+-----+--------+
         Total |   2388 |   2207 |    181 |    200 |   1671 |   3 |  796.0 |
       Dungeon |   2388 |   2207 |    181 |    200 |   1671 |   3 |  796.0 |
               +--------+--------+--------+--------+--------+-----+--------+

Top non-repeatable levels by time:
     D:1: 1378 daAuts
     D:2: 898 daAuts
     D:3: 111 daAuts
